 Dungeon Crawl Stone Soup version 0.22-a0-433-gd2a9cce (webtiles) character file.

116 Borgoz the Skirmisher (level 5, -6/46 HPs)
             Began as a Ghoul Abyssal Knight on May 27, 2018.
             Was a Follower of Lugonu.
             Mangled by an orc
             ... wielding a +0 flail
              (9 damage)
             ... on level 2 of the Dungeon.
             The game lasted 00:02:32 (1510 turns).

Borgoz the Skirmisher (Ghoul Abyssal Knight)        Turns: 1510, Time: 00:02:33

Health: -6/46      AC:  3    Str: 16    XL:     5   Next: 0%
Magic:  5/5        EV: 12    Int:  7    God:    Lugonu [*.....]
Gold:   19         SH:  0    Dex:  9    Spells: 4/4 levels left

rFire    . . .     SeeInvis .     - Unarmed
rCold    + . .     Gourm    .   (no shield)
rNeg     + + +     Faith    .   a - +0 leather armour
rPois    ∞         Spirit   .   (no helmet)
rElec    .         Reflect  .   (no cloak)
rCorr    .         Harm     .   (no gloves)
MR       .....                  (no boots)
Stlth    +.........             (no amulet)
HPRegen  0.00/turn              (no ring)
MPRegen  0.09/turn              (no ring)

@: rotting
A: rotting body, claws 1, carnivore, cold resistance 1, negative energy
resistance 3, inhibited regeneration, torment resistance, unbreathing
a: Depart the Abyss, Renounce Religion


You were on level 2 of the Dungeon.
You worshipped Lugonu.
Lugonu was aware of your devotion.
You were not hungry.

You visited 1 branch of the dungeon, and saw 3 of its levels.
You visited the Abyss 1 time.

You collected 19 gold pieces.

Inventory:

Armour
 a - a +0 leather armour (worn)
Scrolls
 c - a scroll of noise {unknown}
Potions
 e - 2 potions of heal wounds {unknown}
 f - a potion of degeneration {unknown}
 g - a potion of agility {unknown}
 h - 2 potions of magic {unknown}
 i - a potion of curing {unknown}
Comestibles
 b - 3 rations


   Skills:
 + Level 3.8 Fighting
 * Level 2.7 Armour
 * Level 2.3 Dodging
 + Level 2.9 Unarmed Combat
 + Level 2.5 Invocations


You had 4 spell levels left.
You didn't know any spells.
Your spell library was empty.

Dungeon Overview and Level Annotations

Branches:
Dungeon (3/15)

Altars:


Innate Abilities, Weirdness & Mutations

Your body is rotting away.
You thrive on raw meat.
You are immune to poison.
You have sharp fingernails.
You are carnivorous and can eat meat at any time.
Your flesh is cold resistant. (rC+)
You are immune to negative energy. (rN+++)
You do not regenerate when monsters are visible.
You are immune to unholy pain and torment.
You can survive without breathing.


Message History

The orc wizard casts a spell.
The orc wizard seems to speed up.
The orc hits you with a flail.
* * * LOW HITPOINT WARNING * * *
The orc barely misses you.
You climb upwards.
There is a stone staircase leading down here.
The orc barely misses you. The orc hits you with a flail.
* * * LOW HITPOINT WARNING * * *
You closely miss the orc. The orc hits you with a flail.
* * * LOW HITPOINT WARNING * * *
The orc closely misses you.
You scratch the orc.
The orc is heavily wounded.
The orc hits you with a flail.
* * * LOW HITPOINT WARNING * * *
The orc hits you but does no damage.
You barely miss the orc. The orc hits you with a flail!
You die...

#.....)#.#.#
#..........#
#......#.#######
#####..........#
#..#.#####.#
##.#.# #.#
#...#####.#
####........#
#.@o.>#######
#o###)[....# #.#
#.####.# #.#
######.# #.#
#......# #.#
#.######
######.# #.#
#......# #.#
#.########.#


You could see 2 orcs.

Vanquished Creatures
  An orc wizard (D:2)
  Jessica (D:2)
  2 adders (D:2)
  A gnoll (D:1)
  An ooze (D:1)
  A dart slug (D:2)
  A leopard gecko (D:1)
  An orc (D:2)
  3 bats
  3 hobgoblins
  4 kobolds
  2 frilled lizards (D:1)
  3 goblins
  6 rats
30 creatures vanquished.

Notes
Turn   | Place    | Note
-------+----------+-------------------------------------------
     0 | Abyss:1  | Borgoz the Ghoul Abyssal Knight began the quest for the Orb.
     0 | Abyss:1  | Reached XP level 1. HP: 19/19 MP: 1/1
    32 | Abyss:1  | Noticed a hell hog
    33 | D:1      | Escaped the Abyss
   260 | D:1      | Reached skill level 1 in Dodging
   365 | D:1      | Reached XP level 2. HP: 22/26 MP: 2/2
   671 | D:1      | Reached XP level 3. HP: 30/31 MP: 3/3
  1027 | D:2      | Reached * piety under Lugonu
  1148 | D:2      | Noticed Jessica
  1153 | D:2      | Killed Jessica
  1153 | D:2      | Reached XP level 4. HP: 34/40 MP: 4/4
  1485 | D:2      | Reached XP level 5. HP: 16/46 MP: 5/5
  1510 | D:2      | Mangled by an orc

Vault maps used:
D:1:      evilmike_arrival_hilbert_curve, hangedman_abyss_or_decor_lesser_grid
D:2:      dk_noncrumbling_3, uniq_jessica
D:3:      chequers_temple_overflow_minitemple, first_ration

Skill      XL: |  1  2  3 |
---------------+----------+-----
Dodging        | 1 2 |  2.3
Armour         | 2 |  2.7
Fighting       | |  3.8
Unarmed Combat | |  2.9
Invocations    | |  2.5

Action                   |  1- 3 |  4- 6 || total
-------------------------+-------+-------++-------
Melee: Unarmed           |    80 |    29 ||   109
Invok: Depart the Abyss  |     1 |       ||     1
  Eat: Chunk             |    15 |     4 ||    19
Armor: Leather armour    |    19 |     5 ||    24
Dodge: Dodged            |    46 |    21 ||    67

Table legend:
 A = Spawn XP
 B = Non-spawn XP
 C = Spawn XP percentage of total XP
 D = Spawn monster count
 E = Non-spawn monster count
 F = Spawn count percentage of total count
 G = Total turns spent on level
                    A         B        C        D         E        F      G
               +---------+---------+-------+---------+---------+-------+---------
         Total |       0 |     166 |   0.0 |       0 |      30 |   0.0 |  1510
               +---------+---------+-------+---------+---------+-------+---------
           D:1 |       0 |      37 |   0.0 |       0 |      13 |   0.0 |   834
           D:2 |       0 |     129 |   0.0 |       0 |      17 |   0.0 |   639
               +---------+---------+-------+---------+---------+-------+---------
